 Dungeon Crawl Stone Soup version 0.29.1-15-g9cfb28693d (webtiles) character file.

Game seed: 899283526288749611

70 protoss039 the Digger (level 4, 33/33 HPs)
             Began as a Demonspawn Earth Elementalist on Mar 25, 2023.
             Was an Initiate of Vehumet.
             Got out of the dungeon alive.
             The game lasted 00:02:42 (1947 turns).

protoss039 the Digger (DsEE)                        Turns: 1947, Time: 00:02:42

Health: 33/33      AC:  8    Str:  8    XL:     4   Next: 4%
Magic:  8/8        EV: 12    Int: 18    God:    Vehumet [......]
Gold:   138        SH:  0    Dex: 14    Spells: 5/8 levels left

rFire   . . .      SeeInvis .   m - +2 hand axe (venom)
rCold   . . .      Faith    .   (no shield)
rNeg    . . .      Spirit   .   a - +0 robe
rPois   .          Reflect  .   (no helmet)
rElec   .          Harm     .   (no cloak)
rCorr   .          Rampage  .   (no gloves)
Will    .....                   (no boots)
Stlth   ++........              h - amulet of magic regeneration
HPRegen 0.11/turn               n - +4 ring of protection
MPRegen 0.51/turn               (no ring)

@: no status effects
A: hooves 1, yellow scales 1, demonic guardian 1
a: Renounce Religion


You escaped.
You worshipped Vehumet.
Vehumet was noncommittal.
You visited 1 branch of the dungeon, and saw 2 of its levels.

You collected 138 gold pieces.

Inventory:

Hand Weapons
 m - a +2 hand axe of venom (weapon)
Armour
 a - a +0 robe (worn)
Jewellery
 h - an amulet of magic regeneration (around neck)
 n - a +4 ring of protection (left hand)
Scrolls
 c - 2 scrolls of poison {unknown}
 d - a scroll of identify {unknown}
 e - a scroll of immolation {unknown}
 g - a scroll of fear {unknown}
 j - a scroll of enchant armour {unknown}
 k - a scroll of magic mapping {unknown}
 o - a scroll of enchant weapon {unknown}
 p - a scroll of fog {unknown}
Potions
 b - a potion of magic
 f - 2 potions of heal wounds {unknown}
 i - a potion of cancellation {unknown}
 l - a potion of brilliance {unknown}


   Skills:
 + Level 1.9 Fighting
 - Level 1.7 Dodging
 - Level 1.7 Stealth
 + Level 2.8 Spellcasting
 - Level 0.8 Transmutations
 + Level 3.3 Earth Magic


You had 5 spell levels left.
You knew the following spells:

 Your Spells              Type           Power      Damage    Failure   Level
a - Sandblast             Erth           28%        2d8       4%          1
b - Passwall              Tmut/Erth      8%         N/A       11%         2

Your spell library contained the following spells:

 Spells                   Type           Power      Damage    Failure   Level
 Stone Arrow              Conj/Erth      16%        3d8       26%         3
 Petrify                  Tmut/Erth      10%        N/A       56%         4


Dungeon Overview and Level Annotations

Branches:
Dungeon (2/15) Zot: 10028

Altars:
Vehumet

Shops:
D:1 *


Innate Abilities, Weirdness & Mutations

You have large cloven feet.
You are partially covered in yellow scales. (AC +2)
A weak demonic guardian rushes to your aid.


Message History

You have reached level 4!
You feel agile.
Your demonic ancestry asserts itself...
You feel the presence of a demonic guardian.
Unknown command.
A goblin comes into view. It is wielding a +0 club.
The goblin shouts!
You can't go up here!
A goblin is nearby!
Casting: Sandblast (safe; 4% risk of failure)
Confirm with . or Enter, or press ? or * to list all spells.
Aiming: Sandblast (safe; 4% risk of failure)
Press: ? - help, Shift-Dir - straight line, f - goblin
Aim: a goblin, wielding a +0 club (77% to hit)
The blast of sand hits the goblin.
You kill the goblin!
Vehumet accepts your kill.
Unknown command.
You see here a +0 club.
A rat comes into view.
You can't go up here!
A rat is nearby!
Casting: Sandblast (safe; 4% risk of failure)
Confirm with . or Enter, or press ? or * to list all spells.
Aiming: Sandblast (safe; 4% risk of failure)
Press: ? - help, Shift-Dir - straight line, f - rat
Aim: a rat (wandering, hasn't noticed you, 82% to hit)
The blast of sand hits the rat!
You kill the rat!
Vehumet accepts your kill.
Unknown command.
(D) Dungeon
Where to? (Enter - D:2 @ (x,y), ? - help)
There is a stone staircase leading up here.
You climb upwards.
There is a stone staircase leading down here.
Things that are here:
a stone; a +0 whip
There is a staircase leading out of the dungeon here.
Are you sure you want to leave the Dungeon?
This will make you lose the game!
You have escaped!

#.#.##.# #.# #..
#.#.##.#####.# #..
#.#.##...).#.# #..
###....#####.#.# #..
#..............### #.#
###.........##...# #.#
#.........####.#####.#
#...8.8...##..........
####.@.#####...####)..
###
#########..........
#.#
#..)..รท....####...
#.# #.....#...######.#
#.# #................#
#.# #.....############
###)### #.....#
#.....# #############
##.###.####........[.#


There were no monsters in sight!

Vanquished Creatures
  2 adders (D:2)
  3 dart slugs
  4 ball pythons (D:1)
  3 bats (D:1)
  A giant cockroach (D:1)
  6 goblins
  6 hobgoblins
  3 jackals (D:2)
  4 quokkas
  4 frilled lizards
  3 kobolds
  5 rats
44 creatures vanquished.

Notes
Turn   | Place    | Note
-------+----------+-------------------------------------------
     0 | D:1      | protoss039 the Demonspawn Earth Elementalist began the
                  | quest for the Orb.
     0 | D:1      | Reached XP level 1. HP: 13/13 MP: 3/3
   210 | D:1      | Gained mutation: You are partially covered in yellow
                  | scales. (AC +2) [demonic ancestry]
   210 | D:1      | Reached XP level 2. HP: 13/20 MP: 0/5
   452 | D:1      | Reached skill level 1 in Fighting
   543 | D:1      | Reached skill level 3 in Earth Magic
   948 | D:1      | Found Taliab's Assorted Antiques.
   995 | D:1      | Gained mutation: You have large cloven feet. [demonic
                  | ancestry]
   995 | D:1      | Reached XP level 3. HP: 26/26 MP: 4/6
  1280 | D:1      | Learned a level 2 spell: Passwall
  1292 | D:2      | Found a radiant altar of Vehumet.
  1308 | D:2      | Became a worshipper of Vehumet
  1828 | D:2      | Gained mutation: A weak demonic guardian rushes to your
                  | aid. [demonic ancestry]
  1828 | D:2      | Reached XP level 4. HP: 33/33 MP: 8/8
  1947 | D:$      | Got out of the dungeon alive.

Illustrated notes

Levels and vault maps discovered:
D:1:      mrwooster_arrival_statue, layout_loops_ring, serial_shops, shop_coins
D:2:      layout_basic, dilly_ecumenical_altar_fadedgnrine, basic_altar

Skill      XL: |  1  2 |
---------------+-------+-----
Fighting       | 1 |  1.9
Earth Magic    | 3 |  3.3
Dodging        | |  1.7
Stealth        | |  1.7
Spellcasting   | |  2.8
Transmutations | |  0.8

Action                   |  1- 3 |  4- 6 || total
-------------------------+-------+-------++-------
Melee: Unarmed           |    32 |       ||    32
       Dagger            |     3 |       ||     3
       Hand axe          |    27 |       ||    27
       Kick              |     4 |       ||     4
 Cast: Sandblast         |    33 |     2 ||    35
 Stab: Sleeping          |     2 |       ||     2
       Distracted        |     1 |       ||     1
Armor: Robe              |    21 |       ||    21
Dodge: Dodged            |    52 |       ||    52
